 Dungeon Crawl Stone Soup version 0.26-a0-154-g3d63440f56 (webtiles) character file.

Game seed: 12878788231311281257

5867 Flugslaktarn the Fighter (level 10, -4/57 HPs)
             Began as a Vine Stalker Ice Elementalist on July 1, 2020.
             Was an Elder of Cheibriados.
             Slain by an ice beast (13 damage)
             ... on level 10 of the Dungeon.
             The game lasted 00:16:22 (2796 turns).

Flugslaktarn the Fighter (VSIE)                     Turns: 2796, Time: 00:16:23

Health: -4/57      AC:  3    Str: 28    XL:     10   Next: 81%
Magic:  0/17       EV: 21    Int: 29    God:    Cheibriados [****..]
Gold:   327        SH:  0    Dex: 31    Spells: 8/17 levels left

rFire    . . .     SeeInvis .   E - +3 long sword (curse)
rCold    . . .     Faith    .   (no shield)
rNeg     . . .     Spirit   +   a - +0 robe
rPois    .         Reflect  .   (no helmet)
rElec    .         Harm     .   h - scarf {repulsion}
rCorr    .                      k - +0 pair of gloves
MR       +....                  (no boots)
Stlth    +++.......             (no amulet)
HPRegen  0.59/turn              t - ring "Misoalyn" {Ice *Drain Str+8 Int+2 Dex+7}
MPRegen  0.15/turn              p - ring of fire

@: frozen ramparts, repel missiles, very slow
A: fangs 3, regeneration 1, magic shield, antimagic bite, no potion heal 3, rot
immunity
a: Bend Time, Temporal Distortion, Slouch, Renounce Religion


You were on level 10 of the Dungeon.
You worshipped Cheibriados.
Cheibriados was greatly pleased with you.
You were very hungry.

You visited 1 branch of the dungeon, and saw 11 of its levels.
You also visited: Ossuary.

You collected 467 gold pieces.
You spent 140 gold pieces at shops.

Inventory:

Hand Weapons
 o - a +0 scythe
   (You found it on level 3 of the Dungeon)
 z - a +1 halberd of venom
   (You took it off a gnoll on level 5 of the Dungeon)
 E - a cursed +3 long sword (weapon)
   (You took it off a wight on level 9 of the Dungeon)
 I - a +0 falchion of electrocution
   (You took it off an orc on level 11 of the Dungeon)
Missiles
 f - 202 arrows
 n - 7 boomerangs (quivered)
 q - 3 throwing nets
Armour
 a - a +0 robe (worn)
 h - a scarf of repulsion (worn)
   (You found it on level 1 of the Dungeon)
 k - a +0 pair of gloves (worn)
   (You found it on level 3 of the Dungeon)
Jewellery
 p - a ring of fire (right hand)
   (You found it on level 4 of the Dungeon)
 t - the ring "Misoalyn" (left hand) {Ice *Drain Str+8 Int+2 Dex+7}
   (You found it on level 5 of the Dungeon)

   [ring of ice]

   It enhances your ice magic.
   It affects your strength (+8).
   It affects your intelligence (+2).
   It affects your dexterity (+7).
   It makes you vulnerable to fire.
   It protects you from cold.
   It causes draining when unequipped.
 A - an uncursed ring of wizardry
   (You found it on level 7 of the Dungeon)
Wands
 j - a wand of iceblast (8)
   (You found it on level 2 of the Dungeon)
 s - a wand of polymorph (13)
   (You found it on level 5 of the Dungeon)
 F - a wand of acid (9)
   (You found it on level 8 of the Dungeon)
 J - a wand of paralysis (7)
   (You found it on level 10 of the Dungeon)
Scrolls
 b - a scroll of amnesia {unknown}
 d - 3 scrolls of teleportation
 g - 3 scrolls of enchant weapon
 m - 4 scrolls of noise
 v - 3 scrolls of remove curse
 w - a scroll of torment {unknown}
 x - a scroll of enchant armour
 y - a scroll of magic mapping
 B - a scroll of blinking {unknown}
 D - a scroll of fog
 H - a scroll of immolation {unknown}
Potions
 e - 2 potions of stabbing
 i - 3 potions of cancellation
 l - 4 potions of curing
 r - a potion of berserk rage
 u - a potion of magic
 C - a potion of lignification
 G - a potion of flight {unknown}
Comestibles
 c - 5 rations


   Skills:
 - Level 8.6 Fighting
 - Level 8.1 Dodging
 - Level 2.4 Stealth
 - Level 4.0 Spellcasting
 - Level 3.0 Summonings
 + Level 1.1 Translocations
 - Level 8.0 Ice Magic
 + Level 1.1 Invocations
 + Level 1.0 Evocations


You had 8 spell levels left.
You knew the following spells:

 Your Spells              Type           Power        Failure   Level  Hunger
a - Freeze                Ice            ####         1%          1    None
b - Frozen Ramparts       Ice            ######       1%          3    ##.....
d - Summon Ice Beast      Ice/Summ       ######..     7%          4    ####...
q - Apportation           Tloc           ##....       4%          1    None

Your spell library contained the following spells:

 Spells                   Type           Power        Failure   Level  Hunger
 Summon Small Mammal      Summ           ###.         1%          1    None
 Ensorcelled Hibernation  Hex/Ice        #####.       1%          2    None
 Ozocubu's Armour         Chrm/Ice       #####...     4%          3    ##.....
 Animate Skeleton         Necr           N/A          7%          1    None
 Corona                   Hex            #......      7%          1    None
 Hailstorm                Conj/Ice       #####...     13%         4    ####...
 Confusing Touch          Hex            #.......     21%         3    ##.....
 Dazzling Flash           Conj/Hex       #.....       21%         3    ##.....
 Tukima's Dance           Hex            #.......     21%         3    ##.....


Dungeon Overview and Level Annotations

Branches:
Dungeon (11/15)               Orc (0/2) D:9         Ossuary (visited)
 Temple: D:4-7         Lair: D:8-11

Altars:
Cheibriados
Dithmenos
Gozag
Makhleb
Qazlal
Ru
Trog
Wu Jian
The Shining One

Shops:
D:5 *   D:6 !

Annotations:
D:2 exclusion: zombie
D:3 Sigmund


Innate Abilities, Weirdness & Mutations

You have razor-sharp teeth.
Your natural rate of healing is unusually fast.
When hurt, damage is shared between your health and your magic reserves.
Your bite disrupts and absorbs the magic of your enemies.
Potions cannot restore your health.
You are immune to rotting.


Message History

Found a flail.
There is an open door here.
An orc comes into view. It is wielding a +2 antimagic flail.
Found 25 sling bullets.
A hippogriff, a fire dragon, an ugly thing, an ice beast, a centaur, a shadow and a wight come into view.
Press: ? - help, v - describe, . - travel, g - get item A flail.
There is something else lying underneath.
The floor.
Unknown command.
Evoke which item? (* to show all) (? for menu, Esc to quit)
Okay, then.
You're wearing all the rings you can.
Remove which one? (? for menu, Esc to cancel) < or
t - the ring "Misoalyn" {Ice *Drain Str+8 Int+2 Dex+7} > or
A - a ring of wizardry You remove your ring of wizardry.
You feel more attuned to fire.
p - a ring of fire (right hand) Unknown command.
Evoke which item? (* to show all) (? for menu, Esc to quit)
Okay, then.
The centaur shouts!
The hippogriff screeches!
Casting: Frozen Ramparts (safe; 1% risk of failure)
Confirm with . or Enter, or press ? or * to list all spells.
You feel a surge of power!
The walls around you are covered in ice.
The wall freezes the red ugly thing.
Casting: Frozen Ramparts (safe; 1% risk of failure)
Confirm with . or Enter, or press ? or * to list all spells.
You feel a surge of power! A chill wind blows around you.
You are feeling very hungry.
The wall freezes the red ugly thing. x2; The red ugly thing tail-slaps you!
You are engulfed in flames!!
The fire dragon is frozen!
The wall freezes the fire dragon!
The wall freezes the red ugly thing.
The fire dragon is frozen!
The wall freezes the fire dragon!
The wall freezes the centaur.
The wall freezes the red ugly thing!
The red ugly thing tail-slaps you!
* * * LOW HITPOINT WARNING * * *
You are engulfed in flames!!
* * * LOW HITPOINT WARNING * * *
You swap places.
The wall freezes the centaur.
Your ice beast hits the red ugly thing.
Your ice beast freezes the red ugly thing!
The ice beast completely resists.
The wall freezes the ice beast but do no damage.
The ice beast hits you.
* * * LOW HITPOINT WARNING * * *
The ice beast freezes you!
You die...

###......#).####..###.
###.######.##.# ###..#.
#......)†..# #.## ####'.
###.######.# ##.##.###.
#####......# #.†#..).
#.W####.##.# ##.#.####.
#o#cD####..###.#..###...
#.###uY####'....###.....
#.#H###@Y###.####[..####
#....)###..'## .#
#.#(###.z#### #.###..###
#.#..### #..## ###


You could see a fire dragon, a red ugly thing, a hippogriff, an ice beast, a
shadow, a centaur, a wight, an orc and a friendly ice beast (summoned).

Vanquished Creatures
  A manticore (D:11)
  A troll (D:7)
  A hornet (D:10)
  Prince Ribbit (D:9)
  A hippogriff (D:7)
  3 yaks (D:11)
  A wraith (D:11)
  A vampire mosquito (D:10)
  3 orc warriors (D:10)
  A sky beast (D:11)
  An ice beast (D:11)
  2 phantoms
  4 centaurs
  An ogre (D:4)
  A bullfrog (D:7)
  2 scorpions
  3 killer bees (D:9)
  2 wights
  2 crimson imps (D:11)
  3 centaur zombies
  A quasit (D:9)
  6 hounds
  A jelly (D:9)
  5 orc priests
  2 iguanas
  2 orc wizards
  6 worker ants
  2 worker ant zombies (D:7)
  13 gnolls
  6 adders
  An adder skeleton (D:4)
  3 dart slugs
  3 leopard geckos
  13 orcs
  A ball python (D:3)
  A bat (D:2)
  A giant cockroach (D:4)
  2 hobgoblins
  3 quokkas
  3 frilled lizards
  4 kobolds
114 creatures vanquished.

Vanquished Creatures (collateral kills)
  A two-headed ogre (D:11)
  An unseen horror (D:11)
  3 yaks (D:11)
  2 sky beasts (D:9)
  2 ogres
  A crocodile (D:11)
  A scorpion (D:11)
  2 killer bees (D:9)
  An orc wizard (D:10)
  An adder (D:11)
  A leopard gecko (D:9)
  2 orcs
  A hobgoblin (D:9)
  A quokka (D:9)
20 creatures vanquished.

Vanquished Creatures (others)
  A goblin (D:2)
  A bat (D:3)
2 creatures vanquished.

Grand Total: 136 creatures vanquished

Notes
Turn   | Place    | Note
-------+----------+-------------------------------------------
     0 | D:1      | Flugslaktarn the Vine Stalker Ice Elementalist began the
                  | quest for the Orb.
     0 | D:1      | Reached XP level 1. HP: 9/9 MP: 4/4
     2 | D:1      | Noticed a halfling
     4 | D:1      | Noticed an octopode
     4 | D:1      | Noticed a spriggan
     6 | D:1      | Noticed an elf
     8 | D:1      | Noticed a formicid
     8 | D:1      | Noticed a draconian
    10 | D:1      | Noticed an ogre
    10 | D:1      | Noticed a felid
    12 | D:1      | Noticed a vampire
    12 | D:1      | Noticed a dwarf
    14 | D:1      | Noticed a naga
    14 | D:1      | Noticed a merfolk
    16 | D:1      | Noticed a human
    16 | D:1      | Noticed a demigod
    18 | D:1      | Noticed a demonspawn
    20 | D:1      | Noticed a vine stalker
    20 | D:1      | Noticed a gargoyle
    22 | D:1      | Noticed a centaur
    24 | D:1      | Noticed a minotaur
    24 | D:1      | Noticed a ghoul
    26 | D:1      | Noticed a tengu
    26 | D:1      | Noticed a troll
   253 | D:2      | Reached XP level 2. HP: 5/13 MP: 1/6
   678 | D:3      | Reached XP level 3. HP: 13/16 MP: 1/8
   698 | D:3      | Learned a level 3 spell: Frozen Ramparts
   703 | D:3      | Noticed Sigmund
   828 | D:4      | Gained mutation: Your natural rate of healing is unusually
                  | fast. [Vine Stalker growth]
   828 | D:4      | Reached XP level 4. HP: 16/21 MP: 2/10
   874 | D:4      | Reached skill level 5 in Ice Magic
   880 | D:4      | Reached XP level 5. HP: 13/24 MP: 0/11
   887 | D:4      | Found a sand-covered staircase.
   911 | Ossuary  | Entered an ossuary
  1012 | D:5      | Entered Level 5 of the Dungeon
  1058 | D:4      | Learned a level 4 spell: Summon Ice Beast
  1093 | D:4      | Reached XP level 6. HP: 28/28 MP: 7/13
  1113 | D:4      | Found a snail-covered altar of Cheibriados.
  1119 | D:4      | Reached skill level 1 in Summonings
  1148 | D:4      | Became a worshipper of Cheibriados the Contemplative
  1186 | D:5      | Got a transparent turquoise ring
  1196 | D:5      | Identified the ring "Misoalyn" {Ice *Drain Str+8 Int+2
                  | Dex+7} (You found it on level 5 of the Dungeon)
  1236 | D:5      | Found an ornate altar of the Wu Jian Council.
  1244 | D:5      | Reached XP level 7. HP: 21/32 MP: 7/14
  1315 | D:5      | Found Midepyt's Assorted Antiques.
  1337 | D:5      | Bought a scroll labeled OCLADU JYSEUH for 20 gold pieces
  1337 | D:5      | Bought a smoky golden potion for 18 gold pieces
  1337 | D:5      | Bought a scroll labeled MEXZOB VUTENUO for 20 gold pieces
  1337 | D:5      | Bought a scroll labeled GEANAI ADIM for 20 gold pieces
  1337 | D:5      | Bought a scroll labeled ROBINWA DOMUYQ for 20 gold pieces
  1378 | D:5      | Found a stormy altar of Qazlal.
  1378 | D:5      | Found a glowing golden altar of the Shining One.
  1419 | D:5      | You fall into a shaft and drop 2 floors!
  1451 | D:7      | Found a stormy altar of Qazlal.
  1468 | D:6      | Found a shadowy altar of Dithmenos.
  1592 | D:6      | Found Lyrreul's Distillery.
  1604 | D:6      | Bought a potion of lignification for 42 gold pieces
  1613 | D:6      | Reached * piety under Cheibriados
  1649 | D:6      | Found an opulent altar of Gozag.
  1754 | D:7      | Found a burning altar of Makhleb.
  1778 | D:7      | Noticed a troll
  1786 | D:7      | Noticed a hippogriff
  1786 | D:7      | Killed a troll
  1786 | D:7      | Gained mutation: You have razor-sharp teeth. [Vine Stalker
                  | growth]
  1786 | D:7      | Reached XP level 8. HP: 39/39 MP: 8/15
  1803 | D:7      | Killed a hippogriff
  2097 | D:9      | Found a bloodstained altar of Trog.
  2119 | D:9      | Found a sacrificial altar of Ru.
  2119 | D:9      | Noticed Prince Ribbit
  2126 | D:9      | Killed Prince Ribbit
  2127 | D:9      | Reached XP level 9. HP: 26/46 MP: 2/16
  2148 | D:9      | Reached ** piety under Cheibriados
  2229 | D:9      | Found a staircase to the Orcish Mines.
  2232 | D:9      | Reached skill level 5 in Fighting
  2232 | D:9      | Reached skill level 5 in Dodging
  2309 | D:10     | Entered Level 10 of the Dungeon
  2331 | D:11     | Noticed a manticore
  2340 | D:11     | Killed a manticore
  2418 | D:11     | Noticed a two-headed ogre
  2452 | D:11     | Noticed a cyclops
  2453 | D:11     | Killed a two-headed ogre
  2453 | D:11     | Reached XP level 10. HP: 46/55 MP: 3/17
  2495 | D:11     | Reached *** piety under Cheibriados
  2514 | D:11     | Killed an unseen horror
  2665 | D:10     | Reached **** piety under Cheibriados
  2684 | D:10     | Learned a level 1 spell: Apportation
  2753 | D:10     | Reached skill level 1 in Translocations
  2753 | D:10     | Reached skill level 1 in Invocations
  2753 | D:10     | Reached skill level 1 in Evocations
  2785 | D:10     | Noticed a red ugly thing
  2785 | D:10     | Noticed a fire dragon
  2796 | D:10     | Slain by an ice beast

Illustrated notes

Levels and vault maps discovered:
D:1:      kb_arrival_jail, layout_basic
D:2:      layout_basic, fiery_altar_vehumet, lemuel_crystal_altar, nrook_uturn
D:3:      layout_basic, kennysheep_cross_room, uniq_sigmund
D:4:      layout_basic, nicolae_overflow_crystal_walls, lemuel_crystal_altar,
          nicolae_ossuary_entry_ruins, serial_shops, shop
D:5:      layout_basic, old_standard_altar, gammafunk_temple_overflow_elements,
          minmay_temple_entry_offerings, first_ration, serial_shops, shop,
          mrwooster_statue_mirror
D:6:      layout_rooms, lemuel_round_altar, nicolae_gozag_seed_capital,
          serial_shops, shop
D:7:      wad_river_or_something, layout_basic, kennysheep_little_box,
          kennysheep_mini_moat, basic_altar
D:8:      layout_basic, uniq_harold, uniq_maurice
D:9:      layout_rooms, nicolae_ru_great_annihilating_truth,
          lightli_temple_of_fire, david_lair_shrubbed, orc_0_dummy,
          jiyva_altar_1, uniq_prince_ribbit1
D:10:     minmay_the_grid_triangle_9x9_rhombus_thin
          [minmay_the_grid_triangle_9x9_from_above,
          minmay_the_grid_triangle_9x9_prize_top_heavy,
          minmay_the_grid_triangle_9x9_stretched_checkered,
          minmay_the_grid_triangle_9x9_corruption], layout_rooms
D:11:     layout_layer_cave, serial_shops, shop

Skill      XL: |  1  2  3  4  5  6  7  8  9 10 |
---------------+-------------------------------+-----
Spellcasting   | 3 4 |  4.0
Ice Magic      | 5 6 8 |  8.0
Summonings     | 2 3 |  3.0
Fighting       | 2 4 7 8 |  8.6
Dodging        | 2 4 6 8 |  8.1
Translocations | 1 |  1.1
Invocations    | 1 |  1.1
Evocations     | 1 |  1.0
Stealth        | |  2.4

Action                   |  1- 3 |  4- 6 |  7- 9 | 10-12 || total
-------------------------+-------+-------+-------+-------++-------
Melee: Unarmed           |     8 |    44 |       |       ||    52
       Bite              |     3 |    13 |    35 |    32 ||    83
       Halberd           |       |       |    57 |       ||    57
       Long sword        |       |       |    14 |    40 ||    54
Throw: Boomerang         |       |       |     1 |       ||     1
 Cast: Freeze            |    22 |    17 |    14 |     1 ||    54
       Frozen Ramparts   |       |     6 |    17 |    11 ||    34
       Summon Ice Beast  |       |       |    13 |     8 ||    21
Evoke: Wand              |       |       |     3 |       ||     3
  Use: Scroll            |       |       |    11 |     1 ||    12
 Stab: Sleeping          |       |     1 |     2 |     1 ||     4
       Distracted        |       |       |     1 |     2 ||     3
       Paralysed         |       |       |     1 |       ||     1
  Eat: Chunk             |       |     1 |     1 |       ||     2
       Ration            |       |       |     2 |       ||     2
Armor: Robe              |     9 |    11 |    20 |     7 ||    47
Dodge: Dodged            |    20 |    39 |    75 |    63 ||   197
       Repelled          |     1 |       |       |     1 ||     2
       Rpst.: Long sword |       |       |     5 |    15 ||    20

Table legend:
 A = Non-vault XP
 B = Vault XP
 C = Vault XP percentage of total XP
 D = Non-vault monster count
 E = Vault monster count
 F = Vault count percentage of total count
                 A         B        C        D         E       F
            +---------+---------+-------+---------+---------+-------
      Total |    7447 |     935 |  11.2 |     120 |      14 |  10.4
            +---------+---------+-------+---------+---------+-------
        D:1 |      10 |       0 |   0.0 |       5 |       0 |   0.0
        D:2 |      19 |       0 |   0.0 |       4 |       0 |   0.0
        D:3 |      12 |       0 |   0.0 |       4 |       0 |   0.0
        D:4 |     490 |       0 |   0.0 |      23 |       0 |   0.0
        D:5 |     245 |       0 |   0.0 |       9 |       0 |   0.0
        D:6 |     169 |       0 |   0.0 |       6 |       0 |   0.0
        D:7 |     953 |      47 |   4.7 |      12 |       2 |  14.3
        D:8 |      60 |       0 |   0.0 |       2 |       0 |   0.0
        D:9 |     716 |     280 |  28.1 |      15 |       5 |  25.0
       D:10 |     894 |     608 |  40.5 |      13 |       7 |  35.0
       D:11 |    3879 |       0 |   0.0 |      27 |       0 |   0.0
            +---------+---------+-------+---------+---------+-------
